 Dungeon Crawl Stone Soup version 0.25-a0-317-g5f8687bca5 (webtiles) character file.

Game seed: 3412811664505268545, levelgen mode: deterministic

3094 Error4North the Cleaver (level 9, -8/75 HPs)
             Began as a Hill Orc Fighter on Dec 26, 2019.
             Was an Elder of Okawaru.
             Mangled by an orc warrior
             ... wielding a +0 glaive
              (11 damage)
             ... on level 8 of the Dungeon.
             The game lasted 00:31:07 (7548 turns).

Error4North the Cleaver (Hill Orc Fighter)          Turns: 7548, Time: 00:31:07

Health: -8/75      AC: 16    Str: 27    XL:     9   Next: 90%
Magic:  14/14      EV:  7    Int: 10    God:    Okawaru [****..]
Gold:   426        SH: 11    Dex: 10    Spells: 15/15 levels left

rFire    . . .     SeeInvis .   a - +0 war axe
rCold    + . .     Gourm    .   c - +0 shield
rNeg     . . .     Faith    .   o - +2 chain mail {rC+}
rPois    .         Spirit   .   (no helmet)
rElec    .         Reflect  .   (no cloak)
rCorr    .         Harm     .   (no gloves)
MR       .....                  (no boots)
Stlth    ..........             (no amulet)
HPRegen  0.22/turn              F - +4 ring of protection
MPRegen  0.14/turn              h - +2 ring of strength

@: mighty
A: no striking features
a: Heroism, Renounce Religion


You were on level 8 of the Dungeon.
You worshipped Okawaru.
Okawaru was greatly pleased with you.
You were not hungry.

You visited 2 branches of the dungeon, and saw 9 of its levels.
You also visited: Ossuary.

You collected 426 gold pieces.

Inventory:

Hand Weapons
 a - a +0 war axe (weapon)
 v - a +0 hunting sling
Missiles
 k - 130 stones (quivered)
 q - 105 sling bullets
Armour
 c - a +0 shield (worn)
 o - a +2 chain mail of cold resistance (worn)
Jewellery
 h - a +2 ring of strength (right hand)
 s - an uncursed amulet of the gourmand
 y - a +3 ring of dexterity
 C - an uncursed ring of protection from fire
 D - an uncursed ring of protection from fire
 F - a +4 ring of protection (left hand)
 G - an uncursed ring of positive energy
 K - an uncursed ring of fire
 Q - an uncursed ring of wizardry
Wands
 P - a wand of digging (3)
Scrolls
 b - 2 scrolls of random uselessness
 g - 5 scrolls of remove curse
 j - 7 scrolls of teleportation
 m - 2 scrolls of amnesia {unknown}
 u - 3 scrolls of enchant weapon {unknown}
 x - 2 scrolls of enchant armour {unknown}
 J - a scroll of noise {unknown}
 L - a scroll of blinking {unknown}
 M - 2 scrolls of fear {unknown}
 N - a scroll of brand weapon {unknown}
 O - a scroll of summoning {unknown}
Potions
 d - a potion of might
 e - 2 potions of flight
 i - 2 potions of berserk rage
 n - a potion of heal wounds
 p - 3 potions of resistance {unknown}
 t - a potion of lignification {unknown}
 w - 3 potions of mutation {unknown}
 z - 2 potions of ambrosia {unknown}
 A - 5 potions of curing {unknown}
 E - a potion of invisibility {unknown}
 H - 2 potions of haste {unknown}
 I - 2 potions of brilliance {unknown}
 S - a potion of magic {unknown}
Comestibles
 f - 3 rations
 R - 3 chunks of flesh


   Skills:
 + Level 5.9 Fighting
 + Level 8.3 Axes
 + Level 3.0(3.1) Slings
 + Level 0.2(1.8) Throwing
 * Level 7.2 Armour
 + Level 1.2 Dodging
 * Level 7.1 Shields
 * Level 3.6 Spellcasting
 * Level 4.0 Invocations
 * Level 2.3 Evocations


You had 15 spell levels left.
You didn't know any spells.
Your spell library contained the following spells:

 Spells                   Type           Power        Failure   Level  Hunger
 Magic Dart               Conj           #...         98%         1    #......
 Searing Ray              Conj           #.....       99%         2    ###....
 Dazzling Flash           Conj/Hex       #.....       100%        3    ###....
 Fulminant Prism          Conj/Hex       #.........   100%        4    #####..
 Iskenderun's Mystic Bla  Conj/Tloc      #.......     100%        4    #####..


Dungeon Overview and Level Annotations

Branches:
Dungeon (8/15)             Temple (1/1) D:5         Ossuary (visited)
   Lair: D:8-11

Altars:
Ashenzari
Cheibriados
Dithmenos
Elyvilon
Fedhas
Gozag
Hepliaklqana
Kikubaaqudgha
Makhleb
Nemelex Xobeh
Okawaru
Qazlal
Ru
Sif Muna
Trog
Uskayaw
Vehumet
Wu Jian
Xom
Yredelemnul
The Shining One


Message History

You slash the two-headed ogre!
The two-headed ogre is severely wounded.
You block the two-headed ogre's attack. The two-headed ogre barely misses you.
An orc comes into view.
You block the orc warrior's attack.
You slice the two-headed ogre!!
You kill the two-headed ogre!
Okawaru is honoured by your kill.
Your Axes skill increases to level 8!
Your Slings skill increases to level 3!
Your Armour skill increases to level 7!
Your Shields skill increases to level 7!
Your Invocations skill increases to level 4!
Your Evocations skill increases to level 2!
The orc warrior hits you with a +0 glaive!!
* * * LOW HITPOINT WARNING * * *
Things that are here:
a +0 giant club; a cursed -1 giant club; a two-headed ogre corpse Your chain mail prevents you from hitting the orc warrior.
The orc warrior hits you with a +0 glaive!
You die...

##########.......#
##..#####
#..........####### ##..##
## #....#####.#
#######..######. #... #.#
#........#...... #... #÷#
#............... .## #.#
#.# #...........####
...###.# ##.# #..........##
#....#.## #.o###...=.....##
#.#(...## ##.oo@..........#
#.......###...###........##
####..#...).....#........#
#..#.).)............###
##................###
#..........[#......
#.#.........#......#
#.#.........#.......
#.#.......÷.......


You could see an orc warrior and 2 orcs.

Vanquished Creatures
  A two-headed ogre (D:8)
  A wyvern (D:8)
  A water moccasin (D:6)
  A black bear (D:7)
  An orc warrior (D:8)
  A phantom (D:3)
  An ogre (D:6)
  3 centaurs
  An elf zombie (Ossuary)
  2 bullfrogs
  A gnoll sergeant (D:7)
  4 howler monkeys
  3 crimson imps
  2 bullfrog zombies (D:5)
  A centaur zombie (D:6)
  A hound (D:7)
  3 jellies
  An orc priest (D:6)
  An iguana (D:4)
  14 orc wizards
  3 worker ants
  4 hound zombies
  3 hound skeletons
  4 mummies (Ossuary)
  A howler monkey zombie (D:6)
  5 gnolls (D:7)
  6 adders
  2 shadow imps
  An ooze (D:3)
  An adder zombie (Ossuary)
  2 adder skeletons
  2 dart slugs
  2 leopard geckos (D:1)
  17 orcs
  10 bats
  8 giant cockroaches
  A gnoll zombie (Ossuary)
  8 goblins
  9 hobgoblins
  19 jackals
  A quokka (D:7)
  3 ball pythons
  5 frilled lizards
  3 goblin zombies (Ossuary)
  A hobgoblin zombie (Ossuary)
  A jackal zombie (Ossuary)
  5 kobolds
  A kobold zombie (Ossuary)
  An orc zombie (Ossuary)
  A quokka skeleton (D:8)
  9 rats
183 creatures vanquished.

Notes
Turn   | Place    | Note
-------+----------+-------------------------------------------
     0 | D:1      | Error4North the Hill Orc Fighter began the quest for the
                  | Orb.
     0 | D:1      | Reached XP level 1. HP: 19/19 MP: 1/1
   135 | D:1      | Reached skill level 3 in Axes
   150 | D:1      | Reached XP level 2. HP: 27/27 MP: 2/2
   247 | D:1      | You fall into a shaft and drop 1 floor!
   284 | D:1      | Reached XP level 3. HP: 30/33 MP: 3/3
   717 | D:2      | Found an opulent altar of Gozag.
   858 | D:2      | Reached XP level 4. HP: 26/40 MP: 3/5
  1321 | D:2      | Reached skill level 1 in Spellcasting
  1550 | D:3      | Reached skill level 4 in Axes
  1550 | D:3      | Reached XP level 5. HP: 25/46 MP: 6/6
  1754 | D:3      | Found a shattered altar of Ashenzari.
  2432 | D:4      | Noticed a phantom
  2643 | D:4      | Reached XP level 6. HP: 42/52 MP: 8/8
  2730 | D:3      | Killed a phantom
  2730 | D:3      | Reached skill level 1 in Slings
  2994 | D:4      | Found a hazy altar of Hepliaklqana.
  2995 | D:4      | Found a shimmering altar of Xom.
  2996 | D:4      | Noticed a spectral ugly thing
  3009 | D:5      | Entered Level 5 of the Dungeon
  3023 | D:5      | Found a staircase to the Ecumenical Temple.
  3043 | Temple   | Entered the Ecumenical Temple
  3092 | Temple   | Became a worshipper of Warmaster Okawaru
  3181 | D:5      | Reached XP level 7. HP: 55/60 MP: 9/9
  3201 | D:5      | Reached skill level 5 in Axes
  3241 | D:5      | Found a sand-covered staircase.
  3246 | Ossuary  | Entered an ossuary
  3253 | Ossuary  | Reached skill level 5 in Shields
  3810 | D:5      | Reached skill level 5 in Armour
  3928 | D:5      | Reached * piety under Okawaru
  3928 | D:5      | Reached skill level 6 in Axes
  3978 | D:5      | Found a shattered altar of Ashenzari.
  4064 | D:5      | Found a shattered altar of Ashenzari.
  4068 | D:5      | Found a glowing golden altar of the Shining One.
  4188 | D:5      | Found a sacrificial altar of Ru.
  4366 | D:6      | Reached XP level 8. HP: 67/67 MP: 11/11
  4407 | D:6      | Found a sacrificial altar of Ru.
  4411 | D:6      | Found a bloodstained altar of Trog.
  4412 | D:6      | Found a white marble altar of Elyvilon.
  4412 | D:6      | Found a shadowy altar of Dithmenos.
  4792 | D:6      | Reached skill level 5 in Fighting
  5304 | D:6      | Found a stormy altar of Qazlal.
  5307 | D:6      | Noticed an air elemental
  5307 | D:6      | Noticed a water elemental
  5424 | D:6      | Reached ** piety under Okawaru
  5424 | D:6      | Reached skill level 1 in Dodging
  5971 | D:7      | Reached skill level 7 in Axes
  5971 | D:7      | Reached skill level 1 in Invocations
  6236 | D:7      | Reached XP level 9. HP: 46/74 MP: 13/13
  6488 | D:7      | Found a burning altar of Makhleb.
  6589 | D:7      | Reached skill level 1 in Evocations
  7216 | D:8      | Reached *** piety under Okawaru
  7449 | D:8      | Found a hide-covered altar of Uskayaw.
  7538 | D:8      | Noticed a two-headed ogre
  7546 | D:8      | Killed a two-headed ogre
  7546 | D:8      | Reached **** piety under Okawaru
  7546 | D:8      | Reached skill level 8 in Axes
  7547 | D:8      | HP: 3/75 [orc warrior/+0 glaive (19)]
  7548 | D:8      | Mangled by an orc warrior

Levels and vault maps discovered:
D:1:      tarquinn_simple_flora_water_a, layout_rooms, serial_park_tiny_1
D:2:      layout_loops_ring, lemuel_coloured_pillars_altar, serial_glass,
          glass_columns_a, glass_columns_a
D:3:      layout_basic, first_ration, cheibrodos_ashenzari_chains
D:4:      layout_rooms, regret_index_temple_of_mockery
D:5:      layout_cave_pools, grunt_temple_overflow_open,
          minmay_temple_entry_crystal_x, nicolae_ossuary_entry_plus,
          basic_altar, nicolae_ru_the_path_less_chosen
D:6:      layout_basic, nicolae_qazlal_style_of_elements, minitemple
D:7:      layout_basic, nicolae_overflow_crystal_walls
D:8:      layout_rooms, marbit_many_paths, serial_shops, shop_statue
Temple:   kb_temple_of_zot

Skill      XL: |  1  2  3  4  5  6  7  8  9 |
---------------+----------------------------+-----
Axes           | 3 4 6 7 8 |  8.3
Fighting       | 4 5 |  5.9
Shields        | 4 5 6 7 |  7.1
Spellcasting   | 1 2 3 |  3.6
Armour         | 4 5 6 7 |  7.2
Slings         | 1 2 3 |  3.0
Dodging        | 1 |  1.2
Invocations    | 1 4 |  4.0
Evocations     | 2 |  2.3
Throwing       | |  0.2

Action                   |  1- 3 |  4- 6 |  7- 9 || total
-------------------------+-------+-------+-------++-------
Melee: War axe           |   130 |   172 |   385 ||   687
 Fire: Hunting sling     |       |    29 |    54 ||    83
Throw: Stone             |       |     1 |    10 ||    11
Invok: Heroism           |       |       |     1 ||     1
  Use: Scroll            |       |     1 |    11 ||    12
       Potion            |       |       |     7 ||     7
  Eat: Chunk             |       |     4 |     5 ||     9
       Ration            |       |     1 |     3 ||     4
Armor: Scale mail        |    34 |       |       ||    34
       Chain mail        |    63 |   138 |   277 ||   478
Dodge: Dodged            |    47 |    39 |   116 ||   202
Block: Shield            |    92 |   129 |   247 ||   468

Table legend:
 A = Non-vault XP
 B = Vault XP
 C = Vault XP percentage of total XP
 D = Non-vault monster count
 E = Vault monster count
 F = Vault count percentage of total count
                 A         B        C        D         E       F
            +---------+---------+-------+---------+---------+-------
      Total |    4185 |     235 |   5.3 |     166 |      17 |   9.3
            +---------+---------+-------+---------+---------+-------
        D:1 |      57 |       0 |   0.0 |      32 |       0 |   0.0
        D:2 |      71 |       0 |   0.0 |      26 |       0 |   0.0
        D:3 |     237 |       0 |   0.0 |      21 |       0 |   0.0
        D:4 |     105 |       0 |   0.0 |       6 |       0 |   0.0
        D:5 |     445 |       0 |   0.0 |      13 |       0 |   0.0
        D:6 |     842 |       0 |   0.0 |      23 |       0 |   0.0
        D:7 |     965 |       0 |   0.0 |      30 |       0 |   0.0
        D:8 |    1463 |      11 |   0.7 |      15 |       1 |   6.2
    Ossuary |       0 |     224 | 100.0 |       0 |      16 | 100.0
            +---------+---------+-------+---------+---------+-------
